 Dungeon Crawl Stone Soup version 0.30-b1-2-g02819fbbbe (webtiles) character file.

Game seed: 13553773169972262387

1765 MajorAdolf the Covert (level 9, 0/71 (76) HPs)
             Began as a Naga Wanderer on Nov 8, 2023.
             Was an Initiate of Gozag.
             Slain by a wight
             ... wielding a +3 great sword
              (13 damage)
             ... on level 7 of the Dungeon.
             The game lasted 00:10:17 (7542 turns).

MajorAdolf the Covert (Naga Wanderer)               Turns: 7542, Time: 00:10:17

HP:   0/71 (76)     AC: 10    Str: 12    XL:     9   Next: 7%
MP:   12/12         EV:  7    Int: 19    God:    Gozag
Gold: 521           SH:  0    Dex: 11    Spells: 1/12 levels left

rFire   . . .        h - +2 spear (venom)
rCold   . . .        (no shield)
rNeg    . . .        d - +0 robe
rPois   +            l - +0 helmet
rElec   .            b - +0 cloak
rCorr   .            (no gloves)
SInv    +            n - +0 barding
Will    +....        (no amulet)
Stlth   ++++         (no ring)
HPRegen 0.31/turn    (no ring)
MPRegen 0.13/turn

%: no passive effects
@: drained, very slow
A: AC +3, large, see invisible, deformed body, poison resistance, slowness 2,
spit poison 1, naga tail 1
a: Spit Poison, Renounce Religion, Potion Petition, Call Merchant, Bribe Branch


You were on level 7 of the Dungeon.
You worshipped Gozag.
Gozag was pleased with you.
You visited 2 branches of the dungeon, and saw 8 of its levels.

You collected 903 gold pieces.
You spent 312 gold pieces at shops.
You paid 70 gold pieces to Gozag.

Inventory:

Hand Weapons
 a - a +2 sling
 h - a +2 spear of venom (weapon)
Armour
 b - a +0 cloak (worn)
 d - a +0 robe (worn)
 l - a +0 helmet (worn)
 n - a +0 barding (worn)
 D - an orb of energy
Jewellery
 k - an amulet of magic regeneration
 y - an amulet of guardian spirit
Wands
 q - a wand of flame (16)
 A - a wand of paralysis (31)
 G - a wand of mindburst (16)
Scrolls
 c - a scroll of summoning
 e - 2 scrolls of silence {unknown}
 f - 6 scrolls of identify {unknown}
 g - 5 scrolls of immolation {unknown}
 j - a scroll of magic mapping {unknown}
 m - 5 scrolls of teleportation {unknown}
 p - 3 scrolls of poison {unknown}
 r - 2 scrolls of enchant weapon {unknown}
 s - 2 scrolls of fog {unknown}
 u - 2 scrolls of enchant armour {unknown}
 E - a scroll of noise {unknown}
Potions
 i - 5 potions of curing {unknown}
 o - 2 potions of mutation {unknown}
 t - a potion of flight {unknown}
 v - a potion of invisibility {unknown}
 w - 3 potions of might {unknown}
 x - 2 potions of cancellation {unknown}
 z - a potion of attraction {unknown}
 B - a potion of ambrosia {unknown}
 C - 3 potions of heal wounds {unknown}
 F - a potion of degeneration {unknown}


   Skills:
 + Level 3.4 Fighting
 + Level 3.2 Polearms
 - Level 2.6 Ranged Weapons
 + Level 8.0 Stealth
 - Level 2.0 Spellcasting
 + Level 4.4 Transmutations
 + Level 4.4 Fire Magic
 + Level 7.4 Poison Magic
 + Level 3.2 Evocations


You had one spell level left.
You knew the following spells:

 Your Spells              Type           Power      Damage    Failure   Level
a - Sting                 Tmut/Pois      96%        1d7       1%          1
b - Ignite Poison         Fire/Tmut/Pois 22%        N/A       5%          3
c - Mephitic Cloud        Conj/Pois/Air  11%        N/A       19%         3
d - Olgreb's Toxic Radia  Pois           30%        N/A       8%          4

Your spell library contained the following spells:

 Spells                   Type           Power      Damage    Failure   Level
 Apportation              Tloc           2%         N/A       17%         1
 Kiss of Death            Conj/Necr      4%         2d5       17%         1
 Necrotise                Necr           4%         1d4       17%         1
 Summon Small Mammal      Summ           4%         N/A       17%         1
 Poisonous Vapours        Pois/Air       30%        N/A       5%          2
 Lesser Beckoning         Tloc           2%         N/A       26%         2
 Confusing Touch          Hex            1%         N/A       45%         3
 Gell's Gravitas          Tloc           1%         N/A       45%         3
 Hailstorm                Conj/Ice       1%         3d3       45%         3
 Ozocubu's Armour         Ice            1%         N/A       45%         3
 Teleport Other           Tloc           1%         N/A       45%         3
 Ice Form                 Ice/Tmut       10%        N/A       56%         4
 Dispel Undead            Necr           1%         3d6       86%         4
 Freezing Cloud           Conj/Ice/Air   0%         6-21      99%         5
 Ozocubu's Refrigeration  Ice            0%         4d7       100%        7
 Simulacrum               Ice/Necr       Unusable   N/A       N/A         6

Dungeon Overview and Level Annotations

Branches:
Dungeon (7/15)             Temple (1/1) D:4

Altars:
Ashenzari
Cheibriados
Elyvilon
Fedhas
Gozag
Hepliaklqana
Kikubaaqudgha
Makhleb
Nemelex Xobeh
Okawaru
Qazlal
Sif Muna
Uskayaw
Vehumet
Wu Jian
Xom
Yredelemnul
Zin
The Shining One

Shops:
D:1 :   D:6 :


Innate Abilities, Weirdness & Mutations

Your serpentine skin is tough. (AC +3)
You have supernaturally acute eyesight. (SInv)
Armour fits poorly on your strangely shaped body.
Your system is resistant to poisons. (rPois)
You cover ground very slowly.
You can spit poison.
You have a snake-like lower body.


Message History

A wight comes into view. It is wielding a +0 scimitar.
Found a scroll labelled DIECAN KIWNUOWISA.
Things that are here:
6 gold pieces; a +0 whip A wight is nearby!
A wight is nearby!
Found a stone staircase leading down.
You reach to attack!
The helpless wight fails to defend itself.
You hit the wight.
The wight is lightly damaged.
You puncture the wight!
The wight is heavily damaged.
A wight comes into view. It is wielding a +3 great sword.
You closely miss the wight.
The wight is heavily damaged.
The wight hits you with a +0 scimitar.
The wight hits you with a +3 great sword!
You feel drained.
You hit the wight but do no damage. Your punch misses the wight.
The wight is heavily damaged.
The wight hits you with a +0 scimitar!
The wight hits you with a +3 great sword!
You closely miss the wight.
The wight is heavily damaged.
The wight hits you with a +0 scimitar.
You feel drained.
The wight hits you with a +3 great sword!
You feel drained.
* * * LOW HITPOINT WARNING * * *
You are too injured to fight recklessly!
Unknown command.
Okay, then.
Okay, then.
Okay, then.
As you read the scroll of summoning, it crumbles to dust.
Wisps of shadow whirl around you... The wight hits you with a +0 scimitar!
* * * LOW HITPOINT WARNING * * *
The wight hits you with a +3 great sword!
You die...
Your body crumbles into a pile of gold.

.. ...#. ## >...
. #. .?.. .#
#z####.##..
#z@W5......
#......#...
#..s...##.#
#.......#.# ..
##......#.# ..#
#....$.#.#####...
#......#.......#
######.......#
#.......#


You could see 2 wights, a friendly phantom (summoned), a friendly scorpion
(summoned) and a friendly white imp (summoned).

Vanquished Creatures
  A water moccasin (D:7)
  2 black bears
  2 ogres
  An ice beast (D:6)
  A centaur (D:7)
  2 phantoms
  4 bullfrogs
  A scorpion (D:5)
  2 howler monkeys
  A jelly (D:4)
  2 hounds
  2 sleepcaps
  2 iguanas
  3 orc wizards
  2 gnolls (D:5)
  9 adders
  4 river rats (D:6)
  A shadow imp (D:7)
  2 white imps
  An ufetubus (D:6)
  3 worms
  2 dart slugs
  22 orcs
  7 bats
  7 endoplasms
  3 giant cockroaches
  17 goblins
  11 hobgoblins
  9 jackals
  4 quokkas
  8 ball pythons
  4 frilled lizards
  13 kobolds
  4 rats
  A spectral kobold (D:3)
  A spectral orc (D:4)
161 creatures vanquished.

Vanquished Creatures (others)
  59 plants (D:6)
59 creatures vanquished.

Grand Total: 220 creatures vanquished

Notes
Turn   | Place    | Note
-------+----------+-------------------------------------------
     0 | D:1      | MajorAdolf the Naga Wanderer began the quest for the Orb.
     0 | D:1      | MajorAdolf set off with the following items: a +2 sling, a
                  | +0 cloak, a scroll of summoning, a +0 robe; and the
                  | following spell memorised: Sting; and the following spells
                  | available to memorise: Ignite Poison.
     0 | D:1      | Reached XP level 1. HP: 18/18 MP: 3/3
   184 | D:1      | Reached skill level 2 in Stealth
   509 | D:1      | Reached skill level 3 in Stealth
   509 | D:1      | Reached XP level 2. HP: 25/25 MP: 5/5
   572 | D:1      | Found Nitrosyo's Book Shoppe.
   643 | D:1      | Found a faded altar of an unknown god.
   925 | D:2      | Found an ornate altar of the Wu Jian Council.
  1002 | D:2      | Reached XP level 3. HP: 28/31 MP: 6/6
  1054 | D:2      | Reached skill level 1 in Fire Magic
  1063 | D:2      | Reached skill level 1 in Transmutations
  1761 | D:3      | Reached XP level 4. HP: 34/38 MP: 7/7
  1842 | D:3      | Found a radiant altar of Vehumet.
  1847 | D:3      | Reached skill level 4 in Stealth
  1970 | D:3      | Learned a level 3 spell: Ignite Poison
  2070 | D:3      | Found a hazy altar of Hepliaklqana.
  2165 | D:3      | Reached XP level 5. HP: 44/44 MP: 8/8
  2277 | D:3      | Reached skill level 5 in Poison Magic
  2614 | D:4      | Found a staircase to the Ecumenical Temple.
  2739 | D:4      | Noticed an ogre
  2747 | D:4      | Killed an ogre
  2748 | D:4      | Reached skill level 5 in Stealth
  2748 | D:4      | Reached XP level 6. HP: 51/51 MP: 5/9
  2791 | D:4      | Found a burning altar of Makhleb.
  2792 | D:4      | Found an ancient bone altar of Kikubaaqudgha.
  3243 | D:4      | Found a basalt altar of Yredelemnul.
  3578 | Temple   | Entered the Ecumenical Temple
  3630 | Temple   | Became a worshipper of Gozag Ym Sagoz the Greedy
  3652 | D:5      | Entered Level 5 of the Dungeon
  3676 | D:5      | Identified the +0 ring mail of Egalitarianism {Rampage rF+
                  | Dex+3}
  3827 | D:5      | Noticed a black bear
  3837 | D:5      | Killed a black bear
  3844 | D:5      | Reached XP level 7. HP: 31/57 MP: 4/10
  4169 | D:5      | Reached skill level 1 in Polearms
  4332 | D:5      | Reached skill level 6 in Stealth
  4411 | D:5      | Reached skill level 1 in Evocations
  5438 | D:6      | Reached XP level 8. HP: 49/67 MP: 8/11
  5512 | D:6      | Found Wioteoge's Book Shoppe.
  5555 | D:6      | Bought a book of Vapours for 312 gold pieces
  5559 | D:6      | Learned a level 3 spell: Mephitic Cloud
  5564 | D:6      | Learned a level 4 spell: Olgreb's Toxic Radiance
  5995 | D:6      | Found a blossoming altar of Fedhas.
  6014 | D:6      | Reached skill level 7 in Stealth
  6268 | D:6      | Found a snail-covered altar of Cheibriados.
  7152 | D:7      | Reached XP level 9. HP: 76/76 MP: 8/12
  7395 | D:7      | Reached skill level 8 in Stealth
  7542 | D:7      | Slain by a wight

Illustrated notes

Levels and vault maps discovered:
D:1:      onia_arrival_mini_spirals, layout_loops_ring,
          dreamdust_ecumenical_altar_statues, serial_shops,
          nicolae_shop_statue_plus, minmay_split_cup_small
D:2:      layout_basic, basic_altar, skrybe_limestone_x
D:3:      layout_loops_corners, nicolae_hepliaklqana_monster_ancestors,
          vehumet_altar_wand_db
D:4:      layout_basic, yredelemnul_forgotten_temple_becter,
          nicolae_overflow_squiral, minmay_temple_entry_glass,
          nicolae_figureground_sparkle
D:5:      corexii_shantytown, layout_gridville
D:6:      wad_woods_stonehenge, layout_basic, slow_altar_1, serial_shops,
          nicolae_stop_n_shop_2, minmay_liquid_box
D:7:      layout_basic
Temple:   nicolae_temple_ecumenical_triangle

Skill      XL: |  1  2  3  4  5  6  7  8  9 |
---------------+----------------------------+-----
Stealth        | 3 4 5 6 7 8 |  8.0
Fire Magic     | 1 2 3 4 |  4.4
Transmutations | 1 2 3 4 |  4.4
Poison Magic   | 5 6 7 |  7.4
Polearms       | 2 3 |  3.2
Evocations     | 1 3 |  3.2
Fighting       | 2 3 |  3.4
Ranged Weapons | |  2.6
Spellcasting   | |  2.0

Action                     |  1- 3 |  4- 6 |  7- 9 || total
---------------------------+-------+-------+-------++-------
  Melee: Spear             |    82 |   153 |   257 ||   492
         Punch             |       |     1 |     1 ||     2
   Cast: Ignite Poison     |       |     2 |    32 ||    34
         Sting             |       |     3 |       ||     3
         Olgreb's Toxic Ra |       |       |     1 ||     1
Ability: Spit Poison       |     1 |     1 |       ||     2
    Use: Scroll            |       |       |     1 ||     1
   Stab: Sleeping          |     7 |    15 |    18 ||    40
         Distracted        |       |       |     1 ||     1
 Armour: Robe              |    17 |    94 |   126 ||   237
  Dodge: Dodged            |    24 |    62 |    64 ||   150
